[Event "Titled Tuesday Blitz August 3 2021"]
[White "Oparin, Grigoriy"]
[Black "Demidov, Mikhail"]
[WhiteFideId "24125890"]
[BlackFideId "4197143"]
[WhiteElo "2628"]
[BlackElo "2598"]
[Result "1-0"]
[Round "07"]
[TimeControl "180+1"]
[Date "2021.08.03"]
[WhiteClock "0:01:30"]
[BlackClock "0:00:19"]

1. d4 g6 2. e4 Bg7 3. Nf3 d6 4. Bd3 a6 5. O-O e6 6. c3 Ne7 7. Re1 b6 8. a4 Bb7 9. Bg5 h6 10. Bh4 Nd7 11. Nbd2 g5 12. Bg3 Ng6 13. e5 d5 14. a5 b5 15. Bxg6 fxg6 16. b4 Qe7 17. Nb3 O-O-O 18. Re3 Rdf8 19. Ne1 Kb8 20. Nd3 Bc8 21. Ndc5 Rf5 22. f3 Nf8 23. Qe2 Nh7 24. Bf2 Rhf8 25. g4 R5f7 26. h3 Rh8 27. Kg2 Nf8 28. Qd3 Qe8 29. Bg3 Ka7 30. Rf1 Re7 31. Re2 h5 32. Ref2 Bh6 33. Rg1 Reh7 34. Kf1 Nd7 35. Ke2 Nb8 36. Kd1 Nc6 37. Kc2 Ne7 38. Kb2 Rf7 39. Rgf1 Rhf8 40. Ka3 Rh8 41. Qe2 Rff8 42. Nc1 Rf7 43. N1d3 Rff8 44. f4 gxf4 45. Bxf4 g5 46. Be3 hxg4 47. hxg4 Rxf2 48. Rxf2 Qg8 49. Qf1 Rh7 50. Rf6 Ng6 51. Kb3 Kb8 52. Nxe6 Bxe6 53. Nc5 Nf8 54. Nxa6+ Kb7 55. Qxb5+ Kc8 56. Qe8+ Kb7 57. Nc5+ 1-0


[Site "https://www.chess.com"]

[Event "Titled Tuesday Blitz August 3 2021"]
[White "Pacheco Lugo, Alejandro Jose"]
[Black "Ulko, Jaroslav"]
[WhiteFideId "3903745"]
[BlackFideId "4116658"]
[WhiteElo "2125"]
[BlackElo "2304"]
[Result "0-1"]
[Round "07"]
[TimeControl "180+1"]
[Date "2021.08.03"]
[WhiteClock "0:00:01"]
[BlackClock "0:00:11"]

1. e4 c6 2. d4 d5 3. e5 Bf5 4. Nf3 e6 5. Be2 Ne7 6. O-O Nd7 7. Nbd2 h6 8. Nb3 Bh7 9. Bd2 Nf5 10. Rc1 Be7 11. g4 Nh4 12. Nxh4 Bxh4 13. f4 f5 14. exf6 Bxf6 15. Bf3 O-O 16. Qe2 Re8 17. Qg2 g5 18. c4 Bd3 19. Be2 Be4 20. Bf3 Bd3 21. Be2 Bxe2 22. Qxe2 Qe7 23. Rce1 Qh7 24. cxd5 cxd5 25. fxg5 hxg5 26. Qb5 b6 27. Qc6 Rac8 28. Qd6 Qe7 29. Qg3 Qg7 30. Qd6 Bxd4+ 31. Nxd4 Qxd4+ 32. Be3 Qg7 33. Rc1 Rxc1 34. Rxc1 Nf8 35. Rc7 Qg6 36. Bd4 Qb1+ 37. Kg2 Qe4+ 38. Kg3 Qxd4 0-1


[Site "https://www.chess.com"]

[Event "Titled Tuesday Blitz August 3 2021"]
[White "Petesch, Gabriel"]
[Black "Daggupati, Balaji"]
[WhiteFideId "2032465"]
[BlackFideId "2090759"]
[WhiteElo "2374"]
[BlackElo "2675"]
[Result "0-1"]
[Round "07"]
[TimeControl "180+1"]
[Date "2021.08.03"]
[WhiteClock "0:00:03"]
[BlackClock "0:01:01"]

1. Nf3 d5 2. b3 e6 3. Bb2 b6 4. c4 Bb7 5. e3 c5 6. cxd5 exd5 7. d4 Nf6 8. dxc5 bxc5 9. Bb5+ Nbd7 10. Ne5 Qa5+ 11. Nc3 Bd6 12. Nxd7 Nxd7 13. Bxd7+ Kxd7 14. O-O Rad8 15. Nxd5 Kc8 16. e4 f5 17. e5 Bb8 18. Ne7+ Kc7 19. Qc2 g6 20. Rac1 Rhe8 21. Nxf5 gxf5 22. Qxf5 Bd5 23. Qxh7+ Rd7 24. Qc2 Kb6 25. a3 Rg8 26. f3 Qb5 27. b4 cxb4 28. axb4 Kb7 29. Bc3 Bc7 30. Kh1 Rdg7 31. Rf2 Rxg2 32. Rxg2 Bxf3 33. Rg1 Rxg2 34. Rxg2 Qf1# 0-1


[Site "https://www.chess.com"]

[Event "Titled Tuesday Blitz August 3 2021"]
[White "Pires, Marcos Vinicius Torsani"]
[Black "Baskin, Robert"]
[WhiteFideId "2118939"]
[BlackFideId "24662402"]
[WhiteElo "2273"]
[BlackElo "2462"]
[Result "1/2-1/2"]
[Round "07"]
[TimeControl "180+1"]
[Date "2021.08.03"]
[WhiteClock "0:00:08"]
[BlackClock "0:00:10"]

1. d4 Nf6 2. Bf4 d5 3. e3 c5 4. c3 Nc6 5. Nd2 e6 6. Ngf3 cxd4 7. cxd4 Nh5 8. Bg5 f6 9. Bh4 g6 10. Bd3 Be7 11. O-O O-O 12. Ne1 Ng7 13. Bg3 e5 14. dxe5 fxe5 15. e4 d4 16. Nc4 Bf6 17. f4 exf4 18. Bxf4 Nh5 19. Bh6 Bg7 20. Bxg7 Nxg7 21. Rxf8+ Qxf8 22. Nf3 Bg4 23. h3 Bxf3 24. Qxf3 Qxf3 25. gxf3 Rf8 26. Nd2 Nh5 27. Rc1 Ne5 28. Be2 Nf4 29. Bf1 Rf7 30. Rc5 Re7 31. b4 Kg7 32. Kh2 g5 33. Kg3 h5 34. h4 gxh4+ 35. Kxf4 Kf6 36. Rxe5 Rxe5 37. Bh3 Rb5 38. a3 a5 39. bxa5 Rxa5 40. Nc4 Ra4 41. e5+ Ke7 42. Bf1 b5 43. Nd6 d3+ 44. Ke3 Rxa3 45. Bxd3 Ke6 46. Nxb5 Rxd3+ 47. Kxd3 h3 48. Nd4+ Kxe5 49. Ne2 h4 50. f4+ Kf6 51. Nc3 Kf5 52. Ne4 Kxf4 53. Nf2 Kg3 54. Ke2 h2 55. Nh1+ Kg2 56. Nf2 h3 57. Ke1 Kg1 58. Ke2 h1=Q 59. Nxh1 Kxh1 60. Kf2 Kh2 61. Kf1 Kg3 62. Kg1 h2+ 63. Kh1 Kh3 1/2-1/2


[Site "https://www.chess.com"]

[Event "Titled Tuesday Blitz August 3 2021"]
[White "Potapova, Margarita"]
[Black "Salinas Herrera, Pablo"]
[WhiteFideId "14126869"]
[BlackFideId "3407128"]
[WhiteElo "2229"]
[BlackElo "2541"]
[Result "0-1"]
[Round "07"]
[TimeControl "180+1"]
[Date "2021.08.03"]
[WhiteClock "0:00:02"]
[BlackClock "0:00:11"]

1. d4 d5 2. c4 e6 3. Nf3 a6 4. cxd5 exd5 5. Nc3 Nf6 6. Bg5 Be6 7. Bxf6 Qxf6 8. Qb3 b6 9. Nxd5 Qd8 10. e4 c6 11. Bc4 b5 12. Nc7+ Qxc7 13. Bxe6 fxe6 14. Qxe6+ Qe7 15. Qc8+ Kf7 16. O-O Kg8 17. Ne5 c5 18. Rac1 cxd4 19. Rc7 Qxe5 20. Qb7 Nc6 21. Rxc6 Rd8 22. Rc7 d3 23. Rd7 Rxd7 24. Qxd7 Qxe4 25. Rd1 h5 26. h3 Rh6 27. Rxd3 Qe1+ 28. Kh2 Rf6 29. Qd5+ Qe6 30. Qxh5 Rxf2 31. Qd1 Qe5+ 32. Kg1 Qxb2 33. Qg4 Rf7 34. Qe6 Qc1+ 35. Kh2 Qf4+ 36. Kg1 Qf6 37. Qe4 Bc5+ 38. Kh2 Bd6+ 39. Rxd6 Qxd6+ 40. Kg1 Qd1+ 41. Kh2 Qd6+ 42. Kg1 Qf4 43. Qe8+ Rf8 44. Qe6+ Kh8 45. Qe2 Qd4+ 46. Kh2 Qd6+ 47. Kg1 g6 48. Qg4 Kg7 49. Qe4 Qf6 50. Qb7+ Rf7 51. Qe4 Qf2+ 52. Kh2 Qf4+ 0-1


[Site "https://www.chess.com"]

[Event "Titled Tuesday Blitz August 3 2021"]
[White "Quispe Arteaga, Gabriel"]
[Black "Diaz Perez, Michel Alejandro"]
[WhiteFideId "32059809"]
[BlackFideId "3517179"]
[WhiteElo "2172"]
[BlackElo "2337"]
[Result "1-0"]
[Round "07"]
[TimeControl "180+1"]
[Date "2021.08.03"]
[WhiteClock "0:00:18"]
[BlackClock "0:00:12"]

1. d4 Nf6 2. c4 e6 3. Nc3 d5 4. cxd5 exd5 5. Bg5 Nbd7 6. e3 c6 7. Qc2 Be7 8. Bd3 Nh5 9. Bxe7 Qxe7 10. Nge2 Nb6 11. O-O g6 12. a4 a5 13. Rae1 O-O 14. Nc1 Ng7 15. Nb3 Bf5 16. e4 dxe4 17. Nxe4 Ne6 18. Nec5 Bxd3 19. Qxd3 Rfd8 20. Nxe6 fxe6 21. Qe4 Rd6 22. Nc5 Re8 23. Rd1 e5 24. Rfe1 Rd5 25. Qc2 Kg7 26. h3 Kg8 27. Qb3 Qc7 28. dxe5 Kg7 29. Qc3 Qe7 30. e6+ Qf6 31. Qxf6+ Kxf6 32. Nxb7 Rxd1 33. Rxd1 Nxa4 34. Nxa5 Nxb2 35. Rd2 Na4 36. Nxc6 Rxe6 37. Nd4 Rd6 38. Nf3 Rxd2 39. Nxd2 Nc3 40. f3 g5 41. Kf2 Kf5 42. Nc4 h5 43. Ne3+ Kf6 44. g4 hxg4 45. fxg4 Ke5 46. Kf3 Kf6 47. Nf1 Ke5 48. Nh2 Ne4 49. Ke3 Nc5 50. Nf3+ Kf6 51. Kd4 Ne6+ 52. Ke4 Nf4 53. h4 Ne6 54. h5 Nc5+ 55. Ke3 Ne6 56. Nd2 Nf4 57. Ne4+ Kg7 58. Nxg5 Ng2+ 59. Kf3 Nh4+ 60. Kg3 Ng2 61. Kxg2 Kh6 62. Nf3 Kg7 63. Kg3 Kh7 64. Kf4 Kg7 65. g5 Kh7 66. Kf5 Kh8 67. g6 Kg8 68. Kg5 Kh8 69. Kh6 Kg8 70. g7 Kf7 71. Kh7 Kf6 72. g8=Q Kf5 73. Qg5+ Ke4 74. Nh4 Kd4 75. Qf6+ Ke4 76. Kg6 Ke3 77. h6 1-0


[Site "https://www.chess.com"]

[Event "Titled Tuesday Blitz August 3 2021"]
[White "Quparadze, Giga"]
[Black "Zhigalko, Sergei"]
[WhiteFideId "13602250"]
[BlackFideId "13502956"]
[WhiteElo "2658"]
[BlackElo "2662"]
[Result "0-1"]
[Round "07"]
[TimeControl "180+1"]
[Date "2021.08.03"]
[WhiteClock "0:00:57"]
[BlackClock "0:00:41"]

1. e4 c5 2. Nf3 Nc6 3. Bb5 Nf6 4. Nc3 Qc7 5. O-O Nd4 6. Re1 a6 7. Bf1 Ng4 8. e5 h5 9. Nd5 Qc6 10. c4 Nxf3+ 11. gxf3 Nh6 12. Bg2 e6 13. f4 exd5 14. cxd5 Qg6 15. d6 b5 16. Kh1 Rb8 17. d4 c4 18. Be4 Qg4 19. f3 Qh4 20. Qe2 g6 21. Be3 Bg7 22. Bf2 Qxf4 23. Rg1 Nf5 24. Rad1 Bb7 25. d5 Bxe5 26. Bg3 Nxg3+ 27. hxg3 Qf6 28. f4 Bxd6 29. Bxg6+ Kf8 30. Be4 Re8 31. Qf3 h4 32. g4 Qxf4 33. Qxf4 Bxf4 34. Bf5 d6 35. Rgf1 Bg3 0-1


[Site "https://www.chess.com"]

[Event "Titled Tuesday Blitz August 3 2021"]
[White "Rasulov, Vugar"]
[Black "Egorov, Evgeny"]
[WhiteFideId "13402390"]
[BlackFideId "13700421"]
[WhiteElo "2553"]
[BlackElo "2422"]
[Result "1-0"]
[Round "07"]
[TimeControl "180+1"]
[Date "2021.08.03"]
[WhiteClock "0:00:56"]
[BlackClock "0:00:33"]

1. d4 d5 2. c4 Nc6 3. Nf3 Bg4 4. e3 e6 5. Nc3 Nf6 6. Be2 dxc4 7. O-O a6 8. h3 Bh5 9. Bxc4 Bd6 10. Be2 O-O 11. b3 Qe8 12. Bb2 e5 13. Rc1 Rd8 14. d5 e4 15. Nd2 Qe5 16. g3 Qf5 17. Bxh5 Qxh3 18. Ncxe4 Nxh5 19. Ng5 Qf5 20. Qxh5 Be7 21. dxc6 Rxd2 22. Bc3 Rxa2 23. cxb7 Bxg5 24. Bd4 h6 25. Rxc7 Kh7 26. Rc5 Qe4 27. Rxg5 Qxb7 28. Rxg7+ Kh8 29. Qxh6# 1-0


[Site "https://www.chess.com"]

[Event "Titled Tuesday Blitz August 3 2021"]
[White "Reprintsev, Alexander"]
[Black "Shimelkov, Vasiliy"]
[WhiteFideId "14100541"]
[BlackFideId "13701630"]
[WhiteElo "2126"]
[BlackElo "2073"]
[Result "1/2-1/2"]
[Round "07"]
[TimeControl "180+1"]
[Date "2021.08.03"]
[WhiteClock "0:00:22"]
[BlackClock "0:00:18"]

1. e4 c6 2. b3 d5 3. Qe2 e6 4. Bb2 c5 5. exd5 Qxd5 6. Nc3 Qd8 7. O-O-O Nf6 8. Nf3 Be7 9. d4 cxd4 10. Nxd4 Bd7 11. Qf3 Qc8 12. Bd3 O-O 13. Rhe1 Nc6 14. Nxc6 Bxc6 15. Qg3 Rd8 16. Ne4 Bxe4 17. Bxe4 Rxd1+ 18. Rxd1 a5 19. a4 Ra6 20. Bf3 h6 21. Qe5 Ra7 22. Qd4 Ra8 23. Kb1 Ne8 24. Qd7 Bh4 25. Bxb7 Qxd7 26. Rxd7 Rd8 27. Rxd8 Bxd8 28. Bc3 Bb6 29. Be4 Nc7 30. f3 Na6 31. Kb2 f5 32. Bb7 Nc5 33. Bc8 Kf7 34. Ka3 Ke7 35. Bxg7 Kd8 36. Bxe6 Nxe6 37. Bxh6 f4 38. g3 Bc5+ 39. Kb2 fxg3 40. hxg3 Bd6 41. g4 Nd4 42. Bd2 Nxf3 43. Bxa5+ Kd7 44. Bc3 Be7 45. a5 Kc6 46. b4 Kb5 47. Kb3 Nh2 48. Be5 Nxg4 49. c4+ Ka6 50. Bc7 Nf6 51. b5+ Kb7 52. Be5 Nd7 53. a6+ Kb6 54. Bd4+ Bc5 55. Kc3 Ka7 56. Bxc5+ Nxc5 57. Kd4 Kb6 58. Kd5 Nb3 59. c5+ Nxc5 60. a7 Kxa7 61. Kxc5 Kb7 62. Kd4 Kb6 63. Ke3 Kxb5 1/2-1/2


[Site "https://www.chess.com"]

[Event "Titled Tuesday Blitz August 3 2021"]
[White "Rustemov, Alexander"]
[Black "Silva, Miguel Antonio Neto"]
[WhiteFideId "4119002"]
[BlackFideId "1911929"]
[WhiteElo "2666"]
[BlackElo "2283"]
[Result "1-0"]
[Round "07"]
[TimeControl "180+1"]
[Date "2021.08.03"]
[WhiteClock "0:00:05"]
[BlackClock "0:00:17"]

1. d4 Nf6 2. c4 e6 3. Nf3 d5 4. Nc3 c6 5. e3 Bd6 6. Qc2 Nbd7 7. Bd2 Qe7 8. O-O-O b6 9. Bd3 Bb7 10. Kb1 Rc8 11. e4 dxe4 12. Nxe4 Nxe4 13. Bxe4 Nf6 14. Bd3 h6 15. Rhe1 O-O 16. Bc3 Bb4 17. Bxb4 Qxb4 18. c5 bxc5 19. Qxc5 Qxc5 20. dxc5 Rfd8 21. Bc4 Kf8 22. Rxd8+ Rxd8 23. b4 Ke7 24. Kc2 a6 25. Ne5 Nd5 26. a3 f6 27. Nd3 Kd7 28. f4 Ra8 29. h4 a5 30. Kb3 axb4 31. axb4 h5 32. Bxd5 exd5 33. f5 Re8 34. Rxe8 Kxe8 35. Nf4 Bc8 36. Nxh5 Kf7 37. g4 Ba6 38. Nf4 Bf1 39. Kc3 Ke7 40. Kd4 Bb5 41. Ke3 Kf7 42. Ne6 Ba4 43. Nd4 Ke7 44. Kf4 Kf7 45. g5 Ke7 46. Ne6 Kf7 47. g6+ Kg8 48. Ke3 Bc2 49. Nd4 Ba4 50. b5 cxb5 51. c6 b4 52. c7 Bd7 53. Nc6 Kf8 54. Kd4 Bxf5 55. h5 Ke8 56. Na7 b3 57. Kc3 d4+ 58. Kxb3 d3 59. Kc3 Ke7 60. c8=Q Bxc8 61. Nxc8+ Ke6 62. Kxd3 Kf5 63. Ne7+ Kg5 64. Ke4 Kxh5 65. Kf5 Kh6 66. Ke6 Kg5 67. Kf7 f5 68. Kxg7 f4 69. Nd5 f3 70. Ne3 f2 71. Nf1 1-0


[Site "https://www.chess.com"]

[Event "Titled Tuesday Blitz August 3 2021"]
[White "Sadovsky, Artem"]
[Black "freshfoodcompany"]
[WhiteFideId "4155840"]
[WhiteElo "2442"]
[BlackElo "2440"]
[Result "0-1"]
[Round "07"]
[TimeControl "180+1"]
[Date "2021.08.03"]
[WhiteClock "0:00:05"]
[BlackClock "0:00:08"]

1. e3 d6 2. Ke2 Bg4+ 3. f3 Bf5 4. e4 Bd7 5. d4 e5 6. Be3 f5 7. exf5 exd4 8. Qxd4 Bxf5 9. Kf2 Nf6 10. Nc3 Nc6 11. Bb5 Qd7 12. Re1 O-O-O 13. Bxc6 Qxc6 14. Qxa7 Bxc2 15. Nge2 Qa6 16. Qxa6 bxa6 17. Nd4 Bd3 18. Bg5 h6 19. Bxf6 gxf6 20. Nc6 Rd7 21. Re8+ Kb7 22. Na5+ Ka7 23. Nc6+ Kb7 24. Nd8+ Ka7 25. Ne6 Rf7 26. Rc1 Bf5 27. Nd8 Rd7 28. Nc6+ Kb7 29. Na5+ Ka7 30. Nd5 Bg7 31. Rxh8 Bxh8 32. Nxc7 Kb6 33. Nc4+ Kb7 34. Ne8 Kb8 35. Ncxd6 Bg6 36. Rc8+ Ka7 37. Ke3 f5 38. b4 Be5 39. Nc4 Re7 40. Nf6 Bxf6+ 41. Kf4 Bg5+ 42. Kg3 f4+ 43. Kg4 Rf7 44. h4 Bf5+ 45. Kh5 Bxc8 46. Nd6 Rc7 47. hxg5 hxg5 48. Kxg5 Be6 49. Kxf4 Bxa2 50. g4 Rc3 51. g5 Rb3 52. g6 Rxb4+ 53. Ke5 Rb3 54. f4 Re3+ 55. Kf5 Bb1+ 56. Kf6 Rd3 57. Ne4 Re3 58. Ng5 Rb3 59. g7 Rb6+ 60. Ke7 Rb7+ 61. Kf8 Rb8+ 62. Ke7 Ba2 63. f5 a5 64. f6 a4 65. Ne6 Rb7+ 66. Kd6 Rb6+ 67. Kc5 Bxe6 68. g8=Q Bxg8 69. f7 Bxf7 70. Kd4 a3 71. Kc5 a2 72. Kd4 a1=Q+ 73. Kc5 Qc3# 0-1


[Site "https://www.chess.com"]

[Event "Titled Tuesday Blitz August 3 2021"]
[White "Samadov, Read"]
[Black "Pinheiro, Iung Alicio de O."]
[WhiteFideId "13417444"]
[BlackFideId "2104350"]
[WhiteElo "2084"]
[BlackElo "2541"]
[Result "1-0"]
[Round "07"]
[TimeControl "180+1"]
[Date "2021.08.03"]
[WhiteClock "0:00:07"]
[BlackClock "0:00:07"]

1. d4 Nf6 2. c4 g6 3. g3 Bg7 4. Bg2 O-O 5. Nc3 d6 6. Nf3 Bf5 7. Nh4 Bc8 8. O-O c6 9. e4 e5 10. Nf3 Nbd7 11. h3 Re8 12. Re1 exd4 13. Nxd4 a5 14. Qc2 Qb6 15. Be3 Nc5 16. b3 Nfd7 17. Rad1 Nf8 18. Nde2 Qc7 19. Bd4 f5 20. Bxg7 Qxg7 21. Nf4 fxe4 22. Nxe4 Bf5 23. Re3 Rad8 24. Rde1 Re5 25. Qd2 Nxe4 26. Bxe4 Rde8 27. Bxf5 gxf5 28. Kg2 Qe7 29. Nd3 Re4 30. Qxa5 Qf7 31. Qd2 Ng6 32. f3 R4e7 33. h4 f4 34. Rxe7 Rxe7 35. Rxe7 Qxe7 36. Nxf4 Nxf4+ 37. Qxf4 Qe2+ 38. Kh3 Qxa2 39. Qxd6 Qxb3 40. Qe6+ Kg7 41. Kg4 Qc3 42. h5 Qd4+ 43. f4 Qd8 44. h6+ Kf8 45. Kf5 Qe7 46. Qxe7+ Kxe7 47. c5 b5 48. cxb6 Kd6 49. g4 c5 50. g5 c4 51. Ke4 Kc5 52. b7 c3 53. b8=Q c2 54. Qc7+ Kb4 55. Qxc2 Ka3 56. Qb1 Ka4 57. Kd4 Ka5 58. Kc5 Ka4 59. Qa2# 1-0


[Site "https://www.chess.com"]

[Event "Titled Tuesday Blitz August 3 2021"]
[White "Sanal, Vahap"]
[Black "Mikhailovsky, Vladimir"]
[WhiteFideId "6300545"]
[BlackFideId "34105414"]
[WhiteElo "2495"]
[BlackElo "2315"]
[Result "1-0"]
[Round "07"]
[TimeControl "180+1"]
[Date "2021.08.03"]
[WhiteClock "0:01:00"]
[BlackClock "0:00:02"]

1. Nf3 d5 2. g3 g6 3. Bg2 Bg7 4. c4 d4 5. O-O e5 6. d3 Ne7 7. e3 O-O 8. exd4 exd4 9. Re1 c5 10. Nbd2 Nbc6 11. Ne4 b6 12. a3 h6 13. Rb1 a5 14. h4 Bg4 15. Bf4 Qc8 16. Qb3 Ra6 17. Qa4 Bh3 18. Nd6 Qd7 19. Bh1 Nc8 20. Ne4 Ne5 21. Qxd7 Nxf3+ 22. Bxf3 Bxd7 23. Bxh6 f5 24. Bxg7 Kxg7 25. Ng5 Ra7 26. Ne6+ Bxe6 27. Rxe6 Re7 28. Rbe1 Rfe8 29. Rxe7+ Rxe7 30. Rb1 Nd6 31. b4 axb4 32. axb4 Nf7 33. bxc5 bxc5 34. Kf1 Ne5 35. Be2 f4 36. gxf4 Nc6 37. Rb5 Rf7 38. Rxc5 Nb4 39. Rb5 Na2 40. Rg5 Rxf4 41. h5 Rf6 42. c5 Nb4 43. Kg2 1-0


[Site "https://www.chess.com"]

[Event "Titled Tuesday Blitz August 3 2021"]
[White "Sarana, Alexey"]
[Black "Solon, Nathan"]
[WhiteFideId "24133795"]
[BlackFideId "2017229"]
[WhiteElo "2646"]
[BlackElo "2649"]
[Result "1-0"]
[Round "07"]
[TimeControl "180+1"]
[Date "2021.08.03"]
[WhiteClock "0:01:48"]
[BlackClock "0:00:20"]

1. e4 c5 2. Nf3 d6 3. Nc3 Nf6 4. d4 cxd4 5. Nxd4 a6 6. Be3 e5 7. Nb3 Be7 8. f3 Be6 9. Qd2 h5 10. Nd5 Nxd5 11. exd5 Bf5 12. Be2 O-O 13. O-O a5 14. f4 a4 15. fxe5 axb3 16. Rxf5 Rxa2 17. Raf1 g6 18. R5f2 Rxb2 19. e6 f5 20. Bd4 Bf6 21. Bxb2 Bxb2 22. cxb3 Qf6 23. Kh1 Be5 24. Qh6 Na6 25. Bxa6 bxa6 26. Rc2 Rb8 27. Rc7 Rf8 28. Qh7# 1-0


[Site "https://www.chess.com"]

[Event "Titled Tuesday Blitz August 3 2021"]
[White "Serikbay, Assel"]
[Black "Bazeev, German"]
[WhiteFideId "13706799"]
[BlackFideId "24119350"]
[WhiteElo "2044"]
[BlackElo "2462"]
[Result "0-1"]
[Round "07"]
[TimeControl "180+1"]
[Date "2021.08.03"]
[WhiteClock "0:00:18"]
[BlackClock "0:00:40"]

1. e4 c6 2. d4 d5 3. exd5 cxd5 4. c4 e6 5. Nf3 Nc6 6. Nc3 Bb4 7. Be2 dxc4 8. Bxc4 Nf6 9. O-O O-O 10. Bg5 h6 11. Bh4 Be7 12. Rc1 Bd7 13. Bxf6 Bxf6 14. d5 exd5 15. Nxd5 Bg4 16. h3 Bh5 17. g4 Bg6 18. Re1 Bxb2 19. Rb1 Bxb1 20. Qxb1 Na5 21. Qxb2 Nxc4 22. Qxb7 Rb8 23. Ne7+ Kh8 24. Qe4 Nd2 25. Qf4 Nxf3+ 26. Qxf3 Qa5 27. Nf5 Qxe1+ 0-1


[Site "https://www.chess.com"]

[Event "Titled Tuesday Blitz August 3 2021"]
[White "Shahade, Gregory"]
[Black "Grachev, Boris"]
[WhiteFideId "2009064"]
[BlackFideId "4129199"]
[WhiteElo "2736"]
[BlackElo "2595"]
[Result "0-1"]
[Round "07"]
[TimeControl "180+1"]
[Date "2021.08.03"]
[WhiteClock "0:00:02"]
[BlackClock "0:00:40"]

1. e4 c5 2. Nf3 e6 3. d4 cxd4 4. Nxd4 Nf6 5. Nc3 Nc6 6. Nxc6 bxc6 7. e5 Nd5 8. Ne4 Bb7 9. Be2 c5 10. O-O Qc7 11. Nd6+ Bxd6 12. exd6 Qc6 13. f3 c4 14. Qd4 O-O 15. Bxc4 Qxd6 16. b3 Qb6 17. Bb2 Rfc8 18. Rfe1 a5 19. a4 Qxd4+ 20. Bxd4 Nb4 21. Re2 d5 22. Bd3 Nxd3 23. cxd3 Ba6 24. Rd2 Rab8 25. Rb1 Rb4 26. Ba1 Rcb8 27. Bc3 Rxb3 28. Rxb3 Rxb3 29. Bxa5 Bxd3 30. Ra2 Bc4 31. Ra1 h5 32. h4 d4 33. Be1 e5 34. a5 Ba6 35. Rc1 Ra3 36. Rc6 Ra1 37. Kf2 Ra2+ 38. Kg3 Bf1 39. Bf2 Rxa5 40. Rc8+ Kh7 41. Rc7 f6 42. Kh2 Ra2 43. Kg1 Ra1 44. Kh2 Bd3 45. Rd7 Ra2 46. Kg1 Ra1+ 47. Kh2 Bf5 48. Rd6 Rf1 49. Bg3 d3 50. Rd8 Rc1 51. Bf2 Rc2 52. Be3 Re2 53. Bc1 e4 54. Rd5 Kg6 55. fxe4 Bxe4 56. Rd4 Rxg2+ 57. Kh3 Re2 58. Bf4 Kf5 59. Bc1 g5 60. hxg5 fxg5 61. Bxg5 Kxg5 62. Rd8 Re3+ 63. Kh2 Kg4 64. Rg8+ Kf3 65. Rg3+ Ke2 66. Rg5 d2 0-1


[Site "https://www.chess.com"]

[Event "Titled Tuesday Blitz August 3 2021"]
[White "Shyaamnikhil P"]
[Black "Savchenko, Boris"]
[WhiteFideId "5024218"]
[BlackFideId "4147332"]
[WhiteElo "2300"]
[BlackElo "2542"]
[Result "0-1"]
[Round "07"]
[TimeControl "180+1"]
[Date "2021.08.03"]
[WhiteClock "0:00:18"]
[BlackClock "0:00:45"]

1. e3 e6 2. c4 g6 3. h4 Bg7 4. h5 Nc6 5. d4 d5 6. Nc3 Nf6 7. hxg6 hxg6 8. Rxh8+ Bxh8 9. Nf3 a6 10. b3 Ne4 11. Bb2 f5 12. Nxe4 dxe4 13. Ne5 Nxe5 14. dxe5 Qe7 15. Qd4 Bd7 16. O-O-O Bc6 17. Be2 Rd8 18. Qxd8+ Qxd8 19. Rxd8+ Kxd8 20. c5 g5 21. b4 Bb5 22. Bd1 Bc4 23. a3 Kd7 24. Ba4+ Bb5 25. Bb3 Bf1 26. g3 b5 27. Kd2 Bg7 28. Bd4 Bh6 29. c6+ Kxc6 30. Bxe6 Bh3 31. Bc8 Bf8 32. e6 Bg4 33. Bd7+ Kd5 34. Bc8 Be7 35. Bc5 Bxc5 36. bxc5 Kxc5 37. e7 Bh5 38. Bd7 Kc4 39. e8=Q Bxe8 40. Bxe8 Kb3 41. Bg6 Kxa3 42. Bxf5 Kb2 43. Bxe4 a5 44. f4 gxf4 45. exf4 a4 46. f5 a3 47. Bd5 c5 48. f6 c4 49. f7 c3+ 50. Ke2 c2 51. f8=Q c1=Q 52. Qf6+ Qc3 0-1


[Site "https://www.chess.com"]

[Event "Titled Tuesday Blitz August 3 2021"]
[White "Skatchkov, Pavel"]
[Black "Petrovskyi, Vadym"]
[WhiteFideId "4121848"]
[BlackFideId "14165210"]
[WhiteElo "2476"]
[BlackElo "2305"]
[Result "1-0"]
[Round "07"]
[TimeControl "180+1"]
[Date "2021.08.03"]
[WhiteClock "0:01:06"]
[BlackClock "0:00:44"]

1. d4 Nf6 2. c4 g6 3. Nc3 Bg7 4. e4 d6 5. h3 O-O 6. Be3 e5 7. d5 a5 8. g4 Na6 9. Qd2 c6 10. f3 cxd5 11. cxd5 Nd7 12. h4 Ndc5 13. h5 f5 14. hxg6 hxg6 15. gxf5 gxf5 16. Bg5 Qe8 17. O-O-O Qg6 18. Bxa6 bxa6 19. Nge2 fxe4 20. fxe4 Nxe4 21. Nxe4 Qxe4 22. Nc3 Qd4 23. Qh2 Bf5 24. Rxd4 exd4 25. Bh6 dxc3 26. Rg1 cxb2+ 27. Qxb2 Rac8+ 28. Kd1 Bc2+ 29. Kd2 Rf2+ 30. Ke3 Bg6 31. Qxg7# 1-0


[Site "https://www.chess.com"]

[Event "Titled Tuesday Blitz August 3 2021"]
[White "Song, Michael"]
[Black "Mekhitarian, Krikor Sevag"]
[WhiteFideId "2613190"]
[BlackFideId "2107660"]
[WhiteElo "2274"]
[BlackElo "2598"]
[Result "1/2-1/2"]
[Round "07"]
[TimeControl "180+1"]
[Date "2021.08.03"]
[WhiteClock "0:00:14"]
[BlackClock "0:00:04"]

1. d4 Nf6 2. Bg5 d5 3. Nd2 c5 4. Bxf6 gxf6 5. dxc5 e6 6. e4 Bxc5 7. Nb3 Bb6 8. exd5 O-O 9. Qh5 Qxd5 10. Qxd5 exd5 11. Nf3 Re8+ 12. Be2 Nc6 13. c3 Bf5 14. Kf1 Rad8 15. Rd1 Bc2 16. Rd2 Bxb3 17. axb3 d4 18. g3 dxc3 19. Rxd8 Rxd8 20. bxc3 Ne5 21. Kg2 Ng4 22. Rf1 Rc8 23. c4 Re8 24. Bd3 h6 25. h3 Ne5 26. Re1 Kf8 27. Bf5 Nc6 28. Rxe8+ Kxe8 29. Nd2 Bd4 30. Bc8 b6 31. Bf5 Ke7 32. Be4 Na5 33. b4 Bc3 34. bxa5 Bxd2 35. axb6 axb6 36. Bd5 Bc3 37. f4 Be1 38. Kf3 Kf8 39. h4 Ke7 40. h5 Kf8 1/2-1/2


[Site "https://www.chess.com"]

[Event "Titled Tuesday Blitz August 3 2021"]
[White "Spata, German"]
[Black "Siva Mahadevan"]
[WhiteFideId "113026"]
[BlackFideId "25043153"]
[WhiteElo "2238"]
[BlackElo "2203"]
[Result "0-1"]
[Round "07"]
[TimeControl "180+1"]
[Date "2021.08.03"]
[WhiteClock "0:00:10"]
[BlackClock "0:00:27"]

1. Nf3 c5 2. c4 Nc6 3. Nc3 g6 4. g3 Bg7 5. Bg2 d6 6. O-O Bf5 7. d3 Qd7 8. a3 Bh3 9. Nd5 Bxg2 10. Kxg2 e6 11. Nc3 Nge7 12. Bd2 O-O 13. Rb1 a5 14. Qa4 d5 15. Qb5 Qd6 16. cxd5 Nxd5 17. Nxd5 exd5 18. Bf4 Qe7 19. Rfc1 Qxe2 20. Qxc5 Qxd3 21. Rd1 Qe2 22. Re1 Qc4 23. Rec1 Qxc5 24. Rxc5 Rfd8 25. Rb5 Rd7 26. Rd1 d4 27. Ne5 Nxe5 28. Bxe5 Bxe5 29. Rxe5 f5 30. Rd3 Kf7 31. Kf3 Ra6 32. Rb5 Kf6 33. h3 h6 34. g4 fxg4+ 35. hxg4 a4 36. Kf4 Re6 37. Rb4 g5+ 38. Kf3 Ke5 39. Rxa4 Rf6+ 40. Ke2 Rf4 41. f3 Kd5 42. Ra5+ Kc6 43. Re5 Rd5 44. Re4 Kc5 45. Rxf4 gxf4 46. Rb3 Re5+ 47. Kd2 b5 48. Rb4 Re3 49. b3 0-1


[Site "https://www.chess.com"]

[Event "Titled Tuesday Blitz August 3 2021"]
[White "Spitzl, Vinzent"]
[Black "Siniauski, Artsiom"]
[WhiteFideId "12901253"]
[BlackFideId "13512269"]
[WhiteElo "2192"]
[BlackElo "2210"]
[Result "1-0"]
[Round "07"]
[TimeControl "180+1"]
[Date "2021.08.03"]
[WhiteClock "0:00:03"]
[BlackClock "0:00:05"]

1. e4 e6 2. d4 d5 3. Nd2 c5 4. exd5 Qxd5 5. Ngf3 cxd4 6. Bc4 Qd8 7. O-O Nc6 8. Nb3 a6 9. Nbxd4 Nxd4 10. Qxd4 Qxd4 11. Nxd4 Bd7 12. Bb3 Bc5 13. Be3 Bxd4 14. Bxd4 f6 15. f4 O-O-O 16. Bb6 Re8 17. Rad1 Nh6 18. Rd2 Bc6 19. Rfd1 Nf7 20. f5 Bd5 21. Bxd5 exd5 22. Rxd5 Re7 23. c4 Rhe8 24. b3 Re1+ 25. Rxe1 Rxe1+ 26. Kf2 Re5 27. Rxe5 Nxe5 28. Ke3 Kd7 29. h3 Kc6 30. Bd4 Nf7 31. h4 h5 32. Kf4 Nd6 33. Bb2 b5 34. Ba3 bxc4 35. bxc4 Nxc4 36. Bf8 Ne5 37. Bxg7 Ng4 38. Ke4 Kc5 39. Bf8+ Kc4 40. Bd6 a5 41. Be7 a4 42. Bd6 Nf2+ 43. Kf3 Ng4 44. Ke4 Nf2+ 45. Kf3 Ng4 46. Bf4 Kd3 47. a3 Kd4 48. Bd6 Kd3 49. Bb4 Ne3 50. g3 Nxf5 51. g4 Nd4+ 52. Kg3 hxg4 53. Kxg4 Ke4 54. h5 f5+ 55. Kg5 f4 56. h6 f3 57. Be1 Nc2 58. Bf2 Nxa3 59. h7 Nc4 60. h8=Q a3 61. Qd4# 1-0


[Site "https://www.chess.com"]